 Dungeon Crawl Stone Soup version 0.25-a0-890-g62861fb (webtiles) character file.

Game seed: 7422288419120611399, levelgen mode: deterministic

72 Ceann the Covered (level 3, -3/31 HPs)
             Began as a Demigod Fighter on May 9, 2020.
             Slain by an orc priest
             ... wielding a +0 flail
              (8 damage)
             ... on level 3 of the Dungeon.
             The game lasted 00:01:49 (2206 turns).

Ceann the Covered (Demigod Fighter)                 Turns: 2206, Time: 00:01:50

Health: -3/31      AC:  6    Str: 21    XL:     3   Next: 80%
Magic:  5/5        EV:  9    Int: 12    God:
Gold:   97         SH:  0    Dex: 15    Spells: 2/2 levels left

rFire    . . .     SeeInvis .   a - +0 flail
rCold    . . .     Gourm    .   (no shield)
rNeg     . . .     Faith    .   b - +0 scale mail
rPois    .         Spirit   .   (no helmet)
rElec    .         Reflect  .   (no cloak)
rCorr    .         Harm     .   (no gloves)
MR       .....                  (no boots)
Stlth    ..........             (no amulet)
HPRegen  0.10/turn              (no ring)
MPRegen  0.09/turn              (no ring)

@: no status effects
A: high mp 1
a: no special abilities


You were on level 3 of the Dungeon.
You were not hungry.

You visited 1 branch of the dungeon, and saw 3 of its levels.

You collected 97 gold pieces.

Inventory:

Hand Weapons
 a - a +0 flail (weapon)
Armour
 b - a +0 scale mail (worn)
 c - a +0 kite shield
Jewellery
 l - a +4 ring of evasion {unknown}
Wands
 r - a wand of random effects (28)
Scrolls
 e - a scroll of random uselessness {unknown}
 h - 2 scrolls of remove curse {unknown}
 m - 2 scrolls of amnesia {unknown}
 n - a scroll of magic mapping {unknown}
 o - a scroll of identify {unknown}
 p - a scroll of teleportation {unknown}
Potions
 d - 2 potions of might
 g - a potion of curing {unknown}
 i - 2 potions of stabbing {unknown}
 j - 2 potions of magic {unknown}
 k - a potion of haste {unknown}
 q - a potion of lignification {unknown}
Comestibles
 f - 12 rations


   Skills:
 + Level 3.2 Fighting
 + Level 2.7 Maces & Flails
 + Level 3.4 Armour
 - Level 2.6 Shields


You had 2 spell levels left.
You didn't know any spells.
Your spell library was empty.

Dungeon Overview and Level Annotations

Branches:
Dungeon (3/15)

Shops:
D:2 *


Innate Abilities, Weirdness & Mutations

You have an increased reservoir of magic. (+10% MP)


Message History

Unknown command.
You barely miss the orc priest.
The orc priest is severely wounded.
The orc hits you but does no damage. The orc barely misses you.
The orc priest hits you with a +0 flail.
Unknown command.
You closely miss the orc priest.
The orc priest is severely wounded.
The orc hits you with a +0 short sword.
Unknown command.
You closely miss the orc. The orc hits you with a +0 short sword.
* * * LOW HITPOINT WARNING * * *
The orc priest hits you but does no damage.
The orc closely misses you.
You hit the orc priest.
The orc priest is severely wounded.
The orc hits you with a +0 hand axe.
* * * LOW HITPOINT WARNING * * *
The orc priest hits you with a +0 flail!
You die...

#.......# #.#
#.......#
##....#.# #.#
#########
#.####.####.##
#.
#.......##### #
#...#.###..#...
#.#.#..##..#.##
# #.##.##..!..#
#. #..#.##..#
#. ##.#.##@o#
#.
#...##ooS....#
##..##or.#####
#..##...#
#......$(
##.###.### ...
.. .>.. ## ...


You could see an orc priest, an adder, 3 orcs and a rat.

Vanquished Creatures
  An adder (D:3)
  2 worms (D:2)
  2 dart slugs
  5 bats
  2 giant cockroaches
  6 goblins
  8 hobgoblins
  10 jackals
  4 kobolds
  2 frilled lizards
  5 rats
47 creatures vanquished.

Notes
Turn   | Place    | Note
-------+----------+-------------------------------------------
     0 | D:1      | Ceann the Demigod Fighter began the quest for the Orb.
     0 | D:1      | Reached XP level 1. HP: 18/18 MP: 3/3
   178 | D:1      | Reached XP level 2. HP: 23/26 MP: 4/4
  1109 | D:2      | Found a faded altar of an unknown god.
  1248 | D:2      | Reached XP level 3. HP: 31/31 MP: 5/5
  1267 | D:2      | Found Zin's Purification Station.
  1270 | D:2      | Found a glowing silver altar of Zin.
  1326 | D:2      | Found a glowing golden altar of the Shining One.
  2206 | D:3      | Slain by an orc priest

Levels and vault maps discovered:
D:1:      roderic_crop_circles_arrival_small, layout_basic
D:2:      layout_loops_corners, tso_oasis_becter, zin_purify, first_ration,
          chequers_ecumenical_altar_island
D:3:      minmay_chambers_of_threes, layout_basic

Skill      XL: |  1  2 |
---------------+-------+-----
Fighting       | 3 |  3.2
Armour         | 3 |  3.4
Maces & Flails | 2 |  2.7
Shields        | |  2.6

Action                   || total
-------------------------++-------
Melee: Flail             ||   159
  Eat: Chunk             ||     4
Armor: Scale mail        ||    83
Dodge: Dodged            ||   100

Table legend:
 A = Non-vault XP
 B = Vault XP
 C = Vault XP percentage of total XP
 D = Non-vault monster count
 E = Vault monster count
 F = Vault count percentage of total count
                 A         B        C        D         E       F
            +---------+---------+-------+---------+---------+-------
      Total |     103 |       0 |   0.0 |      47 |       0 |   0.0
            +---------+---------+-------+---------+---------+-------
        D:1 |      38 |       0 |   0.0 |      21 |       0 |   0.0
        D:2 |      29 |       0 |   0.0 |      13 |       0 |   0.0
        D:3 |      36 |       0 |   0.0 |      13 |       0 |   0.0
            +---------+---------+-------+---------+---------+-------
